 Dungeon Crawl Stone Soup version 0.31-a0-246-g8cbcc1cb85 (webtiles) character file.

Game seed: 3316391237610853459

57 qw the Shooter (level 4, 0/26 HPs)
             Began as a Gargoyle Hexslinger on July 12, 2023.
             Slain by a worm (1 damage)
             ... on level 2 of the Dungeon.
             The game lasted 00:00:29 (1088 turns).

qw the Shooter (Gargoyle Hexslinger)                Turns: 1088, Time: 00:00:30

Health: 0/26       AC:  8    Str: 12    XL:     4   Next: 0%
Magic:  5/5        EV: 10    Int: 13    God:
Gold:   69         SH:  0    Dex: 14    Spells: 4/5 levels left

rFire   . . .        Y - +1 sling
rCold   . . .        (no shield)
rNeg    + . .        k - +0 ring mail
rPois   inf          (no helmet)
rElec   +            (no cloak)
rCorr   .            (no gloves)
SInv    .            (no boots)
Will    .....        d - amulet of faith
Stlth   +            (no ring)
HPRegen 0.24/turn    (no ring)
MPRegen 0.09/turn

%: faith
@: no status effects
A: sickness immunity, AC +3, negative energy resistance 1, electricity
resistance, torment resistance 1, petrification resistance
a: no special abilities


You were on level 2 of the Dungeon.
You visited 1 branch of the dungeon, and saw 2 of its levels.

You collected 69 gold pieces.


Innate Abilities, Weirdness & Mutations

You are immune to sickness and miasma.
Your stone body is resilient. (AC +3)
You are immune to poison.
You resist negative energy. (rN+)
You are resistant to electric shocks. (rElec)
You are resistant to unholy torment.
You are immune to petrification.


   Skills:
 - Level 2.0 Fighting
 + Level 3.8 Ranged Weapons
 - Level 1.5 Dodging
 - Level 1.0 Spellcasting
 - Level 2.6 Hexes


You had 4 spell levels left.
You knew the following spells:

 Your Spells              Type           Power      Damage    Failure   Level
a - Slow                  Hex            28%        N/A       22%         1

Your spell library contained the following spells:

 Spells                   Type           Power      Damage    Failure   Level
 Inner Flame              Hex/Fire       4%         N/A       73%         3
 Portal Projectile        Hex/Tloc       8%         N/A       73%         3
 Cause Fear               Hex            3%         N/A       91%         4

Inventory:

Hand Weapons
 Y - a +1 sling (weapon)
Armour
 k - a +0 ring mail (worn)
Jewellery
 d - an amulet of faith (around neck)
Scrolls
 a - a scroll of torment {unknown}
 j - 2 scrolls of identify
Potions
 e - a potion of enlightenment {unknown}
 f - a potion of curing
 g - a potion of haste {unknown}

Dungeon Overview and Level Annotations

Branches:
Dungeon (2/15)

Altars:


Message History

The sling bullet barely misses the hobgoblin.
A worm comes into view.
You shoot a sling bullet. The sling bullet hits the worm.
The worm is moderately wounded.
You shoot a sling bullet.
The sling bullet barely misses the worm.
The worm barely misses you. The hobgoblin hits you.
You shoot a sling bullet. The sling bullet hits the hobgoblin!
You kill the hobgoblin!
An endoplasm comes into view.
The worm barely misses you.
You have reached level 4!
You feel stronger.
You shoot a sling bullet.
The sling bullet barely misses the worm.
The endoplasm quivers.
The goblin barely misses you.
You shoot a sling bullet.
The sling bullet barely misses the worm.
The goblin hits you but does no damage. The worm bites you.
The goblin misses you.
You shoot a sling bullet. The sling bullet hits the worm.
The worm is lightly wounded.
The worm bites you. The goblin hits you with a +0 dagger.
You shoot a sling bullet.
The sling bullet barely misses the worm.
The goblin closely misses you. The worm bites you but does no damage.
You shoot a sling bullet. The sling bullet hits the worm.
The worm is lightly wounded.
The goblin hits you but does no damage. The worm bites you.
The goblin barely misses you.
You shoot a sling bullet. The sling bullet hits the worm.
The worm is lightly wounded.
The goblin hits you but does no damage.
You shoot a sling bullet. The sling bullet hits the worm.
The worm is moderately wounded.
The worm bites you! The goblin barely misses you.
You shoot a sling bullet. The sling bullet hits the worm.
The worm is heavily wounded.
The goblin hits you with a +0 dagger. The worm bites you.
You die...

...#.#......(...####
#........#
#.............##
###......#
...............#
......
###.......<...##
...... #...........#
......
#..##........###
#....).........# #
........######.##.##
.....#.# #.@wJ.#
.....#. ###g......
... .. .......
#...... ###... .. .


You could see a worm, an endoplasm and a goblin.

Vanquished Creatures
  An adder (D:1)
  3 dart slugs (D:1)
  4 endoplasms
  5 goblins
  7 hobgoblins
  3 jackals (D:1)
  2 quokkas (D:1)
  4 ball pythons
  3 frilled lizards
  2 kobolds (D:1)
  3 rats
37 creatures vanquished.

Notes
Turn   | Place    | Note
-------+----------+-------------------------------------------
     0 | D:1      | qw the Gargoyle Hexslinger began the quest for the Orb.
     0 | D:1      | Reached XP level 1. HP: 12/12 MP: 2/2
     0 | D:1      | 0 ||| qw: Version: 0.3-a-52-g30416fa
     0 | D:1      | 0 ||| qw: Game counter: 6382
     0 | D:1      | 0 ||| qw: Melee chars always use a shield: true
     0 | D:1      | 0 ||| qw: God list: Okawaru
     0 | D:1      | 0 ||| qw: Allow faded altars: false
     0 | D:1      | 0 ||| qw: Do Orc after clearing Dungeon:15 true
     0 | D:1      | 0 ||| qw: Do second Lair branch before Depths: true
     0 | D:1      | 0 ||| qw: Lair rune preference: random
     0 | D:1      | 0 ||| qw: Goals: Normal
     0 | D:1      | 0 ||| PLANNING D:1-11
   133 | D:1      | Reached XP level 2. HP: 12/16 MP: 3/3
   189 | D:1      | Reached skill level 3 in Ranged Weapons
   358 | D:1      | Reached XP level 3. HP: 21/21 MP: 4/4
   894 | D:1      | 894 ||| UPGRADING to +0 ring mail.
   904 | D:1      | 904 ||| DROPPING +0 robe.
   905 | D:1      | 905 ||| UPGRADING to amulet of faith.
   910 | D:1      | 910 ||| READING scroll labelled PIL LOGAMAY.
   911 | D:1      | 911 ||| READING scroll labelled YSU EXYLUNAA.
   912 | D:1      | 912 ||| READING 2 scrolls labelled LAMUYGEOBB.
   913 | D:1      | 913 ||| DROPPING scroll of poison.
   927 | D:2      | 927 ||| STAIRDANCE
  1081 | D:2      | Reached XP level 4. HP: 22/26 MP: 5/5
  1087 | D:2      | HP: 2/26 [worm (7)]
  1088 | D:2      | Slain by a worm

Levels and vault maps discovered:
D:1:      lemuel_arrival_lava_pool, layout_basic, palyth_stone_intersect,
          chequers_serial_rivers_room_a, minmay_octomino_e4
D:2:      layout_rooms, serial_shops, nicolae_shop_rolling_square

Skill      XL: |  1  2  3 |
---------------+----------+-----
Ranged Weapons | 3 |  3.8
Fighting       | 2 |  2.0
Dodging        | |  1.5
Spellcasting   | |  1.0
Hexes          | |  2.6

Action                     |  1- 3 |  4- 6 || total
---------------------------+-------+-------++-------
   Fire: Sling             |   124 |     8 ||   132
    Use: Scroll            |     3 |       ||     3
 Armour: Robe              |    20 |       ||    20
         Ring mail         |     8 |     4 ||    12
  Dodge: Dodged            |    39 |     5 ||    44

Table legend:
 A = Non-vault XP
 B = Vault XP
 C = Vault XP percentage of total XP
 D = Non-vault monster count
 E = Vault monster count
 F = Vault count percentage of total count
                 A         B        C        D         E       F
            +---------+---------+-------+---------+---------+-------
      Total |      75 |       7 |   8.5 |      33 |       4 |  10.8
            +---------+---------+-------+---------+---------+-------
        D:1 |      63 |       7 |  10.0 |      26 |       4 |  13.3
        D:2 |      12 |       0 |   0.0 |       7 |       0 |   0.0
            +---------+---------+-------+---------+---------+-------
